 Dungeon Crawl Stone Soup version 0.31-a0-240-gb923e448b6 (webtiles) character file.

Game seed: 13935717565000209467

51 qw the Shooter (level 3, 0/22 HPs)
             Began as a Gargoyle Hexslinger on July 11, 2023.
             Slain by a gnoll
             ... wielding a +0 whip
              (6 damage)
             ... on level 2 of the Dungeon.
             The game lasted 00:00:22 (1253 turns).

qw the Shooter (Gargoyle Hexslinger)                Turns: 1253, Time: 00:00:23

Health: 0/22       AC:  6    Str: 11    XL:     3   Next: 81%
Magic:  4/4        EV: 12    Int: 13    God:
Gold:   39         SH:  0    Dex: 14    Spells: 3/4 levels left

rFire   . . .        Y - +1 sling
rCold   . . .        (no shield)
rNeg    + . .        c - +0 robe
rPois   inf          k - +0 helmet
rElec   +            (no cloak)
rCorr   .            (no gloves)
SInv    .            (no boots)
Will    .....        (no amulet)
Stlth   +            (no ring)
HPRegen 0.23/turn    (no ring)
MPRegen 0.09/turn

%: no passive effects
@: no status effects
A: sickness immunity, AC +3, negative energy resistance 1, electricity
resistance, torment resistance 1, petrification resistance
a: no special abilities


You were on level 2 of the Dungeon.
You visited 1 branch of the dungeon, and saw 2 of its levels.

You collected 39 gold pieces.


Innate Abilities, Weirdness & Mutations

You are immune to sickness and miasma.
Your stone body is resilient. (AC +3)
You are immune to poison.
You resist negative energy. (rN+)
You are resistant to electric shocks. (rElec)
You are resistant to unholy torment.
You are immune to petrification.


   Skills:
 - Level 2.7 Fighting
 + Level 3.2 Ranged Weapons
 - Level 1.5 Dodging
 - Level 1.0 Spellcasting
 - Level 2.6 Hexes


You had 3 spell levels left.
You knew the following spells:

 Your Spells              Type           Power      Damage    Failure   Level
a - Slow                  Hex            28%        N/A       10%         1

Your spell library contained the following spells:

 Spells                   Type           Power      Damage    Failure   Level
 Inner Flame              Hex/Fire       4%         N/A       43%         3
 Portal Projectile        Hex/Tloc       8%         N/A       43%         3
 Cause Fear               Hex            3%         N/A       67%         4

Inventory:

Hand Weapons
 Y - a +1 sling (weapon)
Armour
 c - a +0 robe (worn)
 k - a +0 helmet (worn)
Scrolls
 a - 3 scrolls of teleportation {unknown}
 b - 3 scrolls of identify {unknown}
Potions
 d - a potion of curing
 f - a potion of degeneration {unknown}
 i - a potion of lignification {unknown}
 j - a potion of resistance {unknown}

Dungeon Overview and Level Annotations

Branches:
Dungeon (2/15)

Altars:

Annotations:
D:2 1 runed translucent door, Crazy Yiuf


Message History

The sling bullet hits the gnoll.
The gnoll is moderately wounded.
You hear a shout!
The bat hits you but does no damage.
A goblin comes into view. It is wielding a +0 dagger.
The hobgoblin hits you but does no damage.
You hear a shout!
You shoot a sling bullet.
The sling bullet barely misses the gnoll.
The sling bullet hits the gnoll but does no damage.
The bat barely misses you. The hobgoblin hits you. The bat closely misses you.
You shoot a sling bullet.
The sling bullet closely misses the gnoll.
The bat hits you. The bat closely misses you.
The gnoll hits you with a +0 flail. The hobgoblin closely misses you.
You shoot a sling bullet.
The sling bullet closely misses the gnoll.
The bat misses you.
The gnoll barely misses you. x2; The hobgoblin hits you.
The ball python bites you. The ball python closely misses you.
The hobgoblin hits you. The gnoll barely misses you.
The gnoll closely misses you.
You shoot a sling bullet.
The sling bullet closely misses the gnoll.
The bat hits you but does no damage. The ball python misses you.
The ball python barely misses you. The gnoll barely misses you.
The gnoll closely misses you.
The hobgoblin hits you but does no damage.
You shoot a sling bullet. The sling bullet hits the gnoll.
The gnoll is severely wounded.
The bat closely misses you. The ball python barely misses you.
The ball python closely misses you. The gnoll closely misses you. x2
The hobgoblin barely misses you. The ball python barely misses you.
The ball python closely misses you.
You shoot a sling bullet.
The sling bullet hits the gnoll but does no damage.
The gnoll is severely wounded.
The gnoll barely misses you.
The gnoll hits you from afar with a +0 spear.
The hobgoblin hits you. The gnoll hits you with a +0 whip.
You die...

#+# #... ..## 77.7
##.% ####... 7.77
##.. ....... 77.7
#... ..[.... 7.77
#... ....... 77.77
#... .......####
7...77 #...
.....gSg..# 7....7
#... ......g@..#
##..## ##..
......bg..###....#
#..
.....g...........#
#..
................##
#..
.....#........###
#####
...[.########.#
#.. .... #.## #.#
.... #..## #.#
##..###.#


You could see 3 gnolls, a hobgoblin, a goblin, a bat and a ball python.

Vanquished Creatures
  Jessica (D:2)
  2 endoplasms (D:1)
  A giant cockroach (D:1)
  5 goblins
  4 hobgoblins
  2 quokkas
  2 ball pythons
  2 bats
  2 frilled lizards (D:2)
  A kobold (D:1)
22 creatures vanquished.

Notes
Turn   | Place    | Note
-------+----------+-------------------------------------------
     0 | D:1      | qw the Gargoyle Hexslinger began the quest for the Orb.
     0 | D:1      | Reached XP level 1. HP: 12/12 MP: 2/2
     0 | D:1      | 0 ||| qw: Version: 0.3-a-52-g30416fa
     0 | D:1      | 0 ||| qw: Game counter: 6002
     0 | D:1      | 0 ||| qw: Melee chars always use a shield: true
     0 | D:1      | 0 ||| qw: God list: Okawaru
     0 | D:1      | 0 ||| qw: Allow faded altars: false
     0 | D:1      | 0 ||| qw: Do Orc after clearing Dungeon:15 true
     0 | D:1      | 0 ||| qw: Do second Lair branch before Depths: true
     0 | D:1      | 0 ||| qw: Lair rune preference: random
     0 | D:1      | 0 ||| qw: Goals: Normal
     0 | D:1      | 0 ||| PLANNING D:1-11
   231 | D:1      | Reached XP level 2. HP: 16/16 MP: 3/3
   507 | D:1      | Reached skill level 3 in Ranged Weapons
   962 | D:1      | 962 ||| UPGRADING to +0 helmet.
   967 | D:1      | 967 ||| READING scroll labelled NUSTRE NU ZOHO.
   968 | D:1      | 968 ||| READING scroll labelled WONNILISTE.
   969 | D:1      | 969 ||| READING scroll labelled MICYWE JOQYPYU.
   970 | D:1      | 970 ||| DRINKING 2 orange potions.
   971 | D:1      | 971 ||| DROPPING scroll of poison.
   989 | D:2      | Noticed Jessica
   993 | D:2      | Killed Jessica
   994 | D:2      | Reached XP level 3. HP: 22/22 MP: 4/4
  1225 | D:2      | Found a runed translucent door.
  1226 | D:2      | Noticed Crazy Yiuf
  1253 | D:2      | Slain by a gnoll

Levels and vault maps discovered:
D:1:      giann_bridges, layout_basic
D:2:      cheibrodos_fertilizer, layout_basic, minmay_pentomino_v4,
          uniq_crazy_yiuf_cottage, uniq_jessica

Skill      XL: |  1  2 |
---------------+-------+-----
Ranged Weapons | 3 |  3.2
Fighting       | 2 |  2.7
Dodging        | |  1.5
Spellcasting   | |  1.0
Hexes          | |  2.6

Action                     || total
---------------------------++-------
   Fire: Sling             ||    83
    Use: Scroll            ||     3
         Potion            ||     1
 Armour: Robe              ||     8
  Dodge: Dodged            ||    36

Table legend:
 A = Non-vault XP
 B = Vault XP
 C = Vault XP percentage of total XP
 D = Non-vault monster count
 E = Vault monster count
 F = Vault count percentage of total count
                 A         B        C        D         E       F
            +---------+---------+-------+---------+---------+-------
      Total |      36 |      37 |  50.7 |      21 |       1 |   4.5
            +---------+---------+-------+---------+---------+-------
        D:1 |      23 |       0 |   0.0 |      13 |       0 |   0.0
        D:2 |      13 |      37 |  74.0 |       8 |       1 |  11.1
            +---------+---------+-------+---------+---------+-------
